Map: Dusk Towers

Players

Asura - Winner!

  • Race: Terran Terran
  • League: Diamond

Blooddrop

  • Race: Protoss Protoss
  • League: Diamond

VOD

Have the link to the VOD?

Description

Time

  • Played on: May 10, 2016, 12:57 p.m.
  • Length: 18:48
Show
View Real Time Build Order
Export as new Build Order

Asura Terran - Winner!

Build Orders: Liberator Opening, MMM Bio 

Get SALT Encoding   

  12  0:03  SCV  
  13  0:15  SCV  
  13  0:19  Supply Depot  
  14  0:27  SCV  
  15  0:41  SCV  
  16  0:43  Barracks  
  16  0:46  Refinery  
  16  0:53  SCV  
  17  1:05  SCV  
  18  1:17  SCV  
  19  1:31  Orbital Command  
  19  1:46  Command Center  
  19  1:57  Marine  
  19  1:58  Factory  
  20  2:10  Supply Depot  
  20  2:11  SCV  
  20  2:15  Marine  
  22  2:23  SCV  
  23  2:34  Barracks Reactor  
  23  2:35  SCV  
  24  2:47  SCV  
  25  2:52  Starport  
  25  2:59  SCV  
  25  3:00  Widow Mine  
  25  3:02  Orbital Command  
  27  3:10  Marine x2  
  27  3:11  SCV  
  30  3:19  Refinery  
  30  3:23  SCV  
  31  3:28  Marine x2, SCV  
  31  3:29  Liberator  
  34  3:35  SCV  
  34  3:40  SCV  
  36  3:46  Marine x2  
  36  3:47  SCV  
  42  3:52  SCV  
  42  3:54  Widow Mine  
  45  3:59  SCV  
  45  4:00  Command Center  
  46  4:05  Engineering Bay  
  46  4:07  Supply Depot  
  46  4:13  SCV x2  
  48  4:17  Marine x2  
  50  4:24  Supply Depot  
  50  4:25  SCV x2, Widow Mine  
  54  4:36  Marine x2  
  54  4:37  SCV x2  
  58  4:39  Starport Tech Lab  
  58  4:49  SCV x2  
  58  4:51  Barracks  
  60  4:53  Barracks  
  60  4:55  Factory Tech Lab  
  60  4:56  Marine x2  
  62  5:01  SCV  
  62  5:03  SCV  
  62  5:05  Refinery  
  62  5:06  Refinery  
  64  5:08  Starport Reactor  
  64  5:13  SCV  
  64  5:14  Marine x2  
  65  5:15  SCV  
  68  5:22  Terran Infantry Weapons Level 1  
  68  5:26  Armory, Engineering Bay  
  68  5:27  SCV  
  68  5:28  SCV  
  70  5:32  Marine x2  
  72  5:48  Planetary Fortress  
  72  5:50  SCV x2  
  72  5:51  Marine x2  
  72  5:52  Stimpack, Marauder  
  72  5:54  Combat Shields  
  78  6:01  Missile Turret  
  78  6:02  SCV  
  78  6:03  Missile Turret, SCV  
  80  6:08  Marine  
  80  6:09  Marine  
  82  6:11  Medivac  
  82  6:14  SCV  
  85  6:26  Supply Depot  
  85  6:28  Supply Depot  
  85  6:42  Marine x4  
  85  6:43  SCV x3  
  92  6:47  Medivac  
  94  6:55  SCV x3  
  94  6:59  Barracks x2  
  94  7:00  Marine x3, Barracks x2  
  94  7:01  Marauder  
  102  7:02  Barracks  
  102  7:07  SCV x2  
  102  7:08  Supply Depot  
  104  7:11  Medivac  
  104  7:14  Terran Infantry Armor Level 1  
  106  7:18  Marine x2, SCV  
  109  7:25  SCV  
  109  7:26  Marauder  
  109  7:29  Marine  
  111  7:30  Supply Depot, SCV x2  
  111  7:31  Supply Depot  
  111  7:35  Terran Infantry Weapons Level 2  
  111  7:36  Marauder, Marine  
  115  7:37  SCV  
  115  7:42  SCV  
  117  7:45  Command Center  
  117  7:48  Barracks Tech Lab  
  117  7:49  Barracks Tech Lab x2  
  117  7:53  Barracks Tech Lab  
  117  7:58  Barracks Tech Lab  
  117  7:59  Ghost Academy  
  117  8:00  Marine x2, Refinery  
  117  8:01  Refinery  
  117  8:02  Concussive Shells  
  119  8:11  Marine  
  119  8:12  Marauder, Marine x3  
  127  8:13  Marauder  
  127  8:14  SCV x3  
  127  8:17  Marine  
  131  8:22  Marine  
  132  8:29  Supply Depot  
  132  8:30  Supply Depot  
  132  8:35  Marine  
  133  8:45  Personal Cloaking  
  133  8:46  Supply Depot  
  133  8:47  Supply Depot  
  133  8:51  Medivac x2, Marauder x2  
  133  8:52  Marauder x2, Marine x3  
  133  8:53  Marine  
  149  8:56  Marauder  
  141  9:09  Marine  
  141  9:10  Marauder x2  
  141  9:11  Marine  
  141  9:12  Terran Infantry Armor Level 2, Marauder, Marine  
  141  9:14  Command Center  
  141  9:15  Marine  
  141  9:16  Marauder  
  153  9:17  Marine  
  153  9:18  SCV  
  153  9:19  SCV  
  156  9:27  Marine  
  156  9:30  Marauder, Marine  
  158  9:31  Marauder x2  
  158  9:33  Ghost, Marine  
  158  9:35  Ghost  
  167  9:39  Orbital Command  
  167  9:43  SCV  
  167  9:44  Marine, SCV x2  
  171  9:51  Marine  
  171  9:52  Marauder x2, Marine x2  
  180  9:53  Marauder  
  180  10:02  Marine  
  180  10:03  SCV  
  180  10:06  Marauder  
  180  10:09  Marine  
  180  10:11  Marauder, Marine  
  180  10:13  Ghost, Marine  
  180  10:14  Ghost x2  
  177  10:20  Ghost  
  185  10:26  Medivac x2  
  185  10:27  Marine x2  
  185  10:29  Marine  
  185  10:30  SCV x3  
  185  10:31  Marauder  
  185  10:32  Marauder  
  193  10:42  Ghost x2  
  193  10:43  Marine  
  193  10:45  Marauder  
  200  10:54  Refinery  
  200  10:55  Refinery  
  200  10:57  Command Center  
  153  11:20  Marauder, Marine x5  
  153  11:21  Marauder x3  
  153  11:22  Medivac x2  
  162  11:38  Marine x2  
  162  11:39  Marauder x3  
  168  11:41  Marine  
  168  11:45  Marauder, Marine x2  
  150  11:55  Marine  
  150  11:56  Marine  
  150  11:58  Terran Infantry Weapons Level 3  
  150  11:59  Ghost x2, Terran Infantry Armor Level 3  
  150  12:00  Marauder x2  
  160  12:02  Ghost x2  
  160  12:03  Barracks  
  160  12:04  Barracks  
  160  12:06  Ghost, SCV x3  
  169  12:13  Orbital Command, Marine  
  170  12:20  Ghost  
  170  12:21  Marauder  
  174  12:26  Marine  
  174  12:28  Ghost  
  174  12:29  Marauder  
  179  12:31  Marine x2  
  179  12:32  Liberator, Marauder  
  179  12:35  Marauder  
  185  12:45  Marine  
  185  12:46  Marauder  
  185  12:49  Ghost x2, Marine  
  185  12:50  Marauder  
  198  12:52  Ghost  
  199  13:44  Liberator x2  
  160  13:56  Marine x2  
  160  13:57  Marauder  
  160  13:59  Marine x2  
  160  14:00  Marauder x3, Marine  
  131  14:14  Marine x2  
  129  14:17  Marine  
  129  14:18  Marauder x3  
  129  14:21  Marine x2  
  129  14:22  Marauder  
  129  14:24  Barracks Tech Lab x2  
  140  14:26  Barracks  
  140  14:27  Liberator x2  
  140  14:30  Ghost Academy  
  140  14:31  Barracks  
  140  14:32  Marine, Ghost Academy  
  140  14:36  Marauder  
  143  14:38  Ghost x3  
  143  14:39  Ghost x2, Marine  
  143  14:41  Barracks x3  
  143  14:43  Marauder  
  143  14:44  Planetary Fortress  
  162  14:49  Marine  
  163  14:57  Ghost x2, Marauder, Marine  
  170  15:04  Marauder  
  172  15:07  Ghost x2, Marine x2  
  172  15:08  Marauder x2  
  172  15:10  Liberator  
  182  15:15  Marine  
  182  15:18  Marauder, Nuke x2  
  182  15:19  Nuke  
  185  15:25  Ghost x2, Marine  
  185  15:26  Ghost  
  185  15:27  Marauder, Command Center  
  197  15:29  Marauder, Marine  
  194  16:31  Marauder, Marine x2  
  194  16:32  Marauder  
  200  16:42  Nuke  
  200  16:43  Nuke x2  
  200  17:58  Barracks Tech Lab  
Show
View Real Time Build Order
Export as new Build Order

Blooddrop Protoss 

Build Orders: 1 Gate Expand 

Get SALT Encoding   

  12  0:01  Probe (Chrono Boost)  
  13  0:12  Probe (Chrono Boost)  
  14  0:21  Pylon  
  14  0:22  Probe (Chrono Boost)  
  15  0:39  Probe (Chrono Boost)  
  15  0:42  Gateway  
  16  0:50  Probe (Chrono Boost)  
  16  0:52  Assimilator  
  17  1:01  Probe (Chrono Boost)  
  19  1:11  Probe (Chrono Boost)  
  19  1:22  Nexus  
  19  1:32  Cybernetics Core  
  19  1:35  Probe (Chrono Boost)  
  20  1:41  Assimilator  
  20  1:46  Probe (Chrono Boost)  
  21  1:56  Probe (Chrono Boost)  
  23  2:14  Pylon  
  22  2:19  Mothership Core (Chrono Boost)  
  23  2:26  Warp Gate  
  23  2:32  Adept  
  26  2:37  Probe x2 (Chrono Boost)  
  27  2:46  Twilight Council  
  27  2:48  Probe x2 (Chrono Boost)  
  29  2:58  Probe (Chrono Boost)  
  30  3:06  Probe (Chrono Boost)  
  30  3:09  Probe (Chrono Boost)  
  32  3:16  Probe (Chrono Boost)  
  32  3:18  Robotics Facility  
  32  3:19  Probe (Chrono Boost)  
  34  3:21  Gateway  
  35  3:27  Probe (Chrono Boost)  
  35  3:30  Probe (Chrono Boost)  
  36  3:37  Probe (Chrono Boost)  
  36  3:40  Probe (Chrono Boost), Stalker  
  40  3:47  Gateway  
  40  3:48  Probe (Chrono Boost)  
  41  3:51  Probe (Chrono Boost)  
  42  3:58  Probe (Chrono Boost)  
  42  4:01  Probe (Chrono Boost)  
  44  4:03  Pylon  
  44  4:08  Observer  
  44  4:09  Probe (Chrono Boost)  
  48  4:26  Probe x2 (Chrono Boost)  
  48  4:33  Stalker x2  
  48  4:37  Probe x2 (Chrono Boost), Blink (Chrono Boost)  
  54  4:41  Pylon  
  54  4:54  Pylon x2  
  54  4:57  Assimilator  
  54  4:58  Nexus  
  56  5:00  Probe x2 (Chrono Boost), Stalker  
  56  5:01  Assimilator  
  56  5:04  Stalker  
  60  5:10  Observer, Probe (Chrono Boost)  
  60  5:12  Probe (Chrono Boost)  
  60  5:13  Stalker  
  65  5:21  Probe (Chrono Boost)  
  66  5:24  Stalker  
  66  5:27  Stalker  
  70  5:36  Pylon  
  70  5:40  Forge  
  70  5:44  Forge  
  70  5:48  Probe x2 (Chrono Boost)  
  72  5:58  Probe (Chrono Boost)  
  72  5:59  Probe (Chrono Boost)  
  72  6:02  Protoss Ground Armor Level 1 (Chrono Boost), Protoss Ground Weapons Level 1 (Chrono Boost)  
  72  6:03  Adept x3  
  80  6:09  Probe x2 (Chrono Boost)  
  82  6:15  Photon Cannon  
  82  6:19  Probe  
  82  6:20  Probe x2  
  86  6:26  Observer  
  86  6:28  Adept x3  
  86  6:32  Probe x2, Pylon  
  94  6:33  Probe, Pylon  
  94  6:38  Resonating Glaives (Chrono Boost)  
  93  6:51  Probe x2  
  95  6:56  Adept  
  95  6:57  Adept x2  
  95  6:58  Probe  
  95  7:00  Assimilator  
  95  7:01  Assimilator  
  102  7:03  Probe x2  
  102  7:05  Photon Cannon  
  104  7:09  Photon Cannon  
  104  7:10  Probe  
  104  7:15  Probe x2  
  107  7:19  Adept x3  
  113  7:23  Probe  
  113  7:27  Probe  
  112  7:31  Templar Archives  
  112  7:32  Gateway  
  112  7:35  Probe, Gateway  
  113  7:39  Probe  
  113  7:42  Sentry  
  116  7:46  Pylon  
  116  7:47  Pylon x2  
  116  7:50  Pylon  
  116  7:51  Probe  
  116  7:52  Photon Cannon  
  117  8:00  Gateway  
  117  8:02  Gateway  
  117  8:04  Probe  
  118  8:05  Gateway  
  118  8:06  Sentry x3  
  118  8:11  Psionic Storm  
  124  8:24  Observer  
  124  8:42  High Templar x3  
  128  9:05  Probe x3  
  131  9:14  High Templar x3  
  131  9:16  Adept  
  131  9:17  Probe x3, Adept x2  
  140  9:19  Protoss Ground Weapons Level 2, Protoss Ground Armor Level 2  
  146  9:30  Nexus  
  146  9:43  Stalker  
  146  9:44  Photon Cannon  
  148  9:50  Pylon  
  148  9:51  Pylon x2  
  148  9:52  Pylon  
  148  9:54  Pylon  
  148  9:55  Pylon x3  
  148  9:59  Stalker  
  149  10:12  Stalker x5  
  149  10:13  Stalker x2  
  161  10:36  Assimilator  
  161  10:39  Stalker x4  
  161  10:40  Stalker x4  
  161  10:41  Assimilator  
  125  11:24  Stalker x4  
  125  11:25  Stalker x4  
  131  11:50  Probe x2  
  131  11:51  Probe  
  131  11:53  Protoss Ground Weapons Level 3, Protoss Ground Armor Level 3  
  134  12:08  Adept  
  134  12:09  Adept x6  
  134  12:10  Adept  
  134  12:12  Photon Cannon x2  
  134  12:13  Photon Cannon  
  151  12:30  Observer  
  151  12:32  Nexus, High Templar x3  
  151  12:33  High Templar x2  
  151  12:34  Adept  
  151  12:35  Adept x2  
  166  12:52  Pylon x2  
  166  12:54  Pylon  
  166  12:55  Immortal  
  170  13:09  Adept x3  
  170  13:10  Adept x5  
  186  13:15  Gateway  
  186  13:17  Gateway  
  186  13:20  Gateway  
  186  13:21  Gateway  
  186  13:24  Gateway  
  186  13:26  Gateway  
  186  13:34  Observer  
  169  13:53  Archon  
  169  13:54  Archon  
  169  13:55  Adept x3  
  115  13:56  Adept x4  
  103  14:13  Adept  
  102  14:26  Photon Cannon  
  102  14:30  Photon Cannon  
  102  14:31  Assimilator  
  102  14:32  Gateway  
  102  14:33  Assimilator  
  102  14:34  Gateway  
  102  14:35  Stalker x4  
  102  14:36  Stalker x5  
  102  14:37  Adept x2  
  102  14:38  Adept x2  
  128  14:41  Gateway  
  128  14:49  High Templar  
  130  14:58  Sentry  
  130  14:59  Sentry  
  134  15:00  Adept x4  
  134  15:01  High Templar  
  134  15:02  High Templar x3  
  134  15:04  Adept x3  
  158  15:20  Observer  
  157  15:27  Adept x3  
  157  15:28  Adept x6  
  167  15:29  Adept  
  175  15:58  Stargate  
  175  15:59  Stargate  
  175  16:02  Stargate  
  175  16:04  Stargate, Adept  
  175  16:05  Adept x6  
  175  16:06  Adept x4  
  195  16:22  Nexus  
  187  16:32  Nexus  
  187  16:46  Nexus  
  182  16:51  Warp Prism  
  184  17:09  Void Ray x3 (Chrono Boost)  
  184  17:14  Void Ray (Chrono Boost)  
  200  17:18  Fleet Beacon  
  188  17:46  Adept x4  
  188  17:47  Adept x2  
  168  18:02  Adept x5  
  168  18:03  Stalker x2  
  168  18:04  Stalker x4  
  89  18:37  Adept x2  
  89  18:38  Adept x6  
  89  18:39  Adept x2  
Tags
 
Add a new tag
Caveats
  • Supply blocks, unpowered buildings, or Contaminate may cause inaccurate times.
  • Supply counts are checked every 10 seconds.